cohdb
Replays
Latest Replays
All Replays
Popular Replays
Top Player Replays
Match Explorer
How It Works
Community
CoH3 Stats
Reddit
Sign in to upload your games and track your stats! →
Sign in with Steam
Match 43010243
Unlisted
Match 43010243
Overview
Messages
Build Orders
End
Panzergrenadier Squad
250 Light Carrier
Kradschützen Motorcycle Team
Panzergrenadier Squad
Construct Light Support Kompanie
Construct Mechanized Kompanie
Panzergrenadier Squad
Support Armor Elements
StuG III D Assault Gun
Vehicle Survival Package
StuG III D Assault Gun
Advanced Field Repairs
Selects Panzerjäger Kommand Battlegroup
Selects Tank Busters
Selects Mine Fields
Emergency Repair Kits
Marder III Tank Destroyer
Panzerjäger Mechanized Group
Construct Panzerarmee Kommand
Panzer III L Medium Tank
Jarkke
Zeruel
braindamage
Chernoburka
0
0
Comments
sign in to comment!
No comments posted yet!